 Dungeon Crawl Stone Soup version 0.28.0-53-g5a82cb258f (webtiles) character file.

Game seed: 10507008481742500692

11 buhh the Bolt Thrower (level 2, 19/22 HPs)
             Began as a Formicid Hunter on June 21, 2022.
             Quit the game on level 1 of the Dungeon on July 10, 2022.
             The game lasted 00:03:59 (300 turns).

buhh the Bolt Thrower (Formicid Hunter)              Turns: 300, Time: 00:03:59

Health: 19/22      AC:  3    Str: 16    XL:     2   Next: 35%
Magic:  2/2        EV: 11    Int: 10    God:
Gold:   25         SH:  0    Dex: 11    Spells: 1/1 levels left

rFire   . . .      SeeInvis +   a - +1 hand crossbow
rCold   . . .      Faith    .   (no shield)
rNeg    . . .      Spirit   .   c - +0 leather armour
rPois   .          Reflect  .   (helmet unavailable)
rElec   .          Harm     .   (no cloak)
rCorr   .          Rampage  .   (no gloves)
Will    .....                   (no boots)
Stlth   +.........              (no amulet)
HPRegen 0.07/turn               (no ring)
MPRegen 0.08/turn               (no ring)

@: no status effects
A: permanent stasis, dig shafts and tunnels, antennae 3, four strong arms
a: Dig, Shaft Self


You were on level 1 of the Dungeon.
You visited 1 branch of the dungeon, and saw 1 of its levels.

You collected 25 gold pieces.

Inventory:

Hand Weapons
 a - a +1 hand crossbow (weapon)
 b - a +0 short sword
Missiles
 d - 9 bolts (quivered ammo)
Armour
 c - a +0 leather armour (worn)


   Skills:
 - Level 2.1 Fighting
 + Level 4.5 Crossbows
 - Level 1.7 Dodging
 - Level 1.2 Stealth


You had one spell level left.
You didn't know any spells.
Your spell library was empty.

Dungeon Overview and Level Annotations

Branches:
Dungeon (1/15)

Altars:


Innate Abilities, Weirdness & Mutations

You cannot be hasted, slowed, berserked, paralysed or teleported.
You can dig through walls and to a lower floor.
You have a pair of large antennae on your head. (SInv)
Your four strong arms can wield two-handed weapons with a shield.


Message History

You do not have any ammo quivered for your +1 hand crossbow.
You do not have any ammo quivered for your +1 hand crossbow.
You do not have any ammo quivered for your +1 hand crossbow.
You do not have any ammo quivered for your +1 hand crossbow.
You do not have any ammo quivered for your +1 hand crossbow.
You do not have any ammo quivered for your +1 hand crossbow.
You do not have any ammo quivered for your +1 hand crossbow.
You do not have any ammo quivered for your +1 hand crossbow.
You do not have any ammo quivered for your +1 hand crossbow.
You do not have any ammo quivered for your +1 hand crossbow.
You do not have any ammo quivered for your +1 hand crossbow.
You do not have any ammo quivered for your +1 hand crossbow.
You do not have any ammo quivered for your +1 hand crossbow.
You do not have any ammo quivered for your +1 hand crossbow.
You do not have any ammo quivered for your +1 hand crossbow.
You do not have any ammo quivered for your +1 hand crossbow.
You do not have any ammo quivered for your +1 hand crossbow.
You do not have any ammo quivered for your +1 hand crossbow.
You do not have any ammo quivered for your +1 hand crossbow.
You do not have any ammo quivered for your +1 hand crossbow.
You do not have any ammo quivered for your +1 hand crossbow.
You do not have any ammo quivered for your +1 hand crossbow.
You do not have any ammo quivered for your +1 hand crossbow.
You do not have any ammo quivered for your +1 hand crossbow.
You do not have any ammo quivered for your +1 hand crossbow.
You do not have any ammo quivered for your +1 hand crossbow.
You do not have any ammo quivered for your +1 hand crossbow.
You do not have any ammo quivered for your +1 hand crossbow.
You do not have any ammo quivered for your +1 hand crossbow.
d - a bolt
d - 5 bolts (gained 4)
There is a stone staircase leading down here.
d - 6 bolts (gained 1)
You see here a rat corpse.
d - 9 bolts (gained 3)
You see here a rat corpse.
Saving game... please wait.
Welcome back, buhh the Formicid Hunter.
Press ? for a list of commands and other information.
Are you sure you want to abandon this character and quit the game? (Confirm with "yes".)

###### #)......#.#
..... {#.......#.#
...#####.......#.#
...+.#.#.......#.#
...#.#..########.#
...#.#..########.##
................>.#
.....#....(..##(..#
...#.#####...##.@.#
...#).. .....$...#
...#.#........##..#
####.#.#.####. #..#
### . # #. #..# ##
#. #.## #.##†#
####..#.# ......#.#


There were no monsters in sight!

Vanquished Creatures
  A bat (D:1)
  An endoplasm (D:1)
  A giant cockroach (D:1)
  2 hobgoblins (D:1)
  A kobold (D:1)
  A quokka (D:1)
  A ball python (D:1)
  A rat (D:1)
9 creatures vanquished.

Notes
Turn   | Place    | Note
-------+----------+-------------------------------------------
     0 | D:1      | buhh the Formicid Hunter began the quest for the Orb.
     0 | D:1      | Reached XP level 1. HP: 16/16 MP: 1/1
   105 | D:1      | Reached XP level 2. HP: 22/22 MP: 2/2
   300 | D:1      | Quit the game

Illustrated notes

Levels and vault maps discovered:
D:1:      dpeg_arrival_lava_altar, layout_basic,
          dilly_ecumenical_altar_fadedgnrine

Action                   || total
-------------------------++-------
 Fire: Hand crossbow     ||    78
Armor: Leather armour    ||     2
Dodge: Dodged            ||     7
